 Dungeon Crawl Stone Soup version 0.30-a0-778-g2ef04afb54 (webtiles) character file.

Game seed: 13679675132040245619

141 Pimp the Ducker (level 5, -1/39 HPs)
             Began as a Djinni Gladiator on Feb 16, 2023.
             Slain by Crazy Yiuf
             ... wielding a +4 quarterstaff of chaos
              (5 damage)
             ... on level 2 of the Dungeon.
             The game lasted 00:03:06 (2255 turns).

Pimp the Ducker (Djinni Gladiator)                  Turns: 2255, Time: 00:03:06

Health: -1/39      AC:  4    Str: 15    XL:     5   Next: 48%
Gold:   112        EV: 13    Int: 10    God:
                   SH:  0    Dex: 14

rFire   + + .      SeeInvis .    a - +0 long sword
rCold   x . .      Faith    .    (no shield)
rNeg    . . .      Spirit   .    b - +0 leather armour
rPois   ∞          Reflect  .    c - +0 helmet
rElec   .          Harm     .    (no cloak)
rCorr   .          Rampage  .    (no gloves)
Will    .....                    (boots unavailable)
Stlth   +                        (no amulet)
HPRegen 0.26/turn                (no ring)
MPRegen 0.00/turn                (no ring)

@: flying
A: sickness immunity, fire resistance 2, cold vulnerability 1, float, innate
caster, HP casting, extra vitality 1
a: no special abilities


You were on level 2 of the Dungeon.
You visited 1 branch of the dungeon, and saw 2 of its levels.

You collected 112 gold pieces.

Inventory:

Hand Weapons
 a - a +0 long sword (weapon)
Missiles
 d - 3 throwing nets (quivered)
 e - a javelin
Armour
 b - a +0 leather armour (worn)
 c - a +0 helmet (worn)
Scrolls
 g - a scroll of amnesia {unknown}
 h - a scroll of fog {unknown}
 i - 2 scrolls of noise {unknown}
 j - a scroll of enchant armour {unknown}
 k - a scroll of teleportation {unknown}
 m - a scroll of identify {unknown}
Potions
 f - a potion of cancellation {unknown}
 l - a potion of attraction {unknown}


   Skills:
 + Level 2.7 Fighting
 + Level 4.0 Long Blades
 + Level 1.5 Throwing
 + Level 1.4 Armour
 + Level 4.1 Dodging
 + Level 0.5 Stealth


You had one spell level left.
You knew the following spells:

 Your Spells              Type           Power      Damage    Failure   Level
a - Kiss of Death         Conj/Necr      0%         2d5       43%         1
b - Poisonous Vapours     Pois/Air       0%         N/A       56%         2
Your spell library was empty.

Dungeon Overview and Level Annotations

Branches:
Dungeon (2/15)

Altars:

Annotations:
D:2 Crazy Yiuf


Innate Abilities, Weirdness & Mutations

You are immune to sickness and miasma.
You are immune to poison.
Your flesh is very heat resistant. (rF++)
You are vulnerable to cold. (rC-)
You float through the air rather than walking.
You learn spells naturally, not from books.
Your magical power is your life essence.
You have superior vitality. (+4 MHP)


Message History

There is a stone staircase leading down here.
You see here a ball python skeleton.
There is a stone staircase leading down here.
Cast which spell? (? or * to list)
Okay, then.
You start removing your armour.
You continue taking off your +0 leather armour. x4
Crazy Yiuf shouts!
Crazy Yiuf laughs, "Aardvark!"
You finish taking off your +0 leather armour.
Cast which spell? (? or * to list)
Okay, then.
You start putting on your armour.
You continue putting on your +0 leather armour. x4
You finish putting on your +0 leather armour.
You start waiting.
Done waiting.
You reach down and open the door.
Crazy Yiuf whimpers, "Mountain high King!"
You hit Crazy Yiuf.
Crazy Yiuf is lightly wounded.
Crazy Yiuf says, "Fire!
Millenium wrapper sizzlefizz."
Crazy Yiuf hits you with a +4 quarterstaff of chaos!
Crazy Yiuf freezes you.
You barely miss Crazy Yiuf.
Crazy Yiuf is lightly wounded.
Crazy Yiuf hits you with a +4 quarterstaff of chaos!
Crazy Yiuf burns you.
You hit Crazy Yiuf.
Crazy Yiuf is heavily wounded.
Crazy Yiuf hits you with a +4 quarterstaff of chaos!
* * * LOW HITPOINT WARNING * * *
You hit Crazy Yiuf.
Crazy Yiuf is severely wounded.
Crazy Yiuf laughs, "You foot sizzlefizz!"
Crazy Yiuf misses you. Crazy Yiuf completely misses you.
You hit Crazy Yiuf but do no damage.
Crazy Yiuf is severely wounded.
Crazy Yiuf hits you with a +4 quarterstaff of chaos.
You die...

#.......#.##.######
####.####.#.#.## #.#
#..###.## ###
#######.## #...###.#
##♣♣♣♣♣ ###.##.##
###...♣.♣♣♣ ###
#.#.#.##
##......♣..♣#...#
##...#####
######......♣♣♣♣@g...#
#.........
........#..♣♣ ♣♣#..)#
##...####.
.######.##♣♣ ### ##.##
#. ^# ####.# #.# #. .#
#....# #.# #. .#
#.#### #.# #. .# #.#
#.# #. .# #.# #.#####.
.# #.# #.#...#.


You could see Crazy Yiuf.

Vanquished Creatures
  Natasha (thrice) (D:2)
  An adder (D:2)
  A worm (D:2)
  2 dart slugs (D:1)
  3 ball pythons
  4 endoplasms
  11 giant cockroaches
  4 hobgoblins
  2 quokkas (D:2)
  3 bats (D:1)
  4 frilled lizards (D:1)
  5 goblins
  4 kobolds
  3 rats
50 creatures vanquished.

Notes
Turn   | Place    | Note
-------+----------+-------------------------------------------
     0 | D:1      | Pimp the Djinni Gladiator began the quest for the Orb.
     0 | D:1      | Reached XP level 1. HP: 18/18 MP: 0/0
   127 | D:1      | Reached XP level 2. HP: 21/23 MP: 0/0
   508 | D:1      | Reached XP level 3. HP: 28/28 MP: 0/0
   508 | D:1      | Learned a level 1 spell: Kiss of Death
   559 | D:1      | Found a faded altar of an unknown god.
  1235 | D:2      | Noticed Natasha
  1244 | D:2      | Killed Natasha
  1245 | D:2      | Reached XP level 4. HP: 25/34 MP: 0/0
  1525 | D:2      | Found a runed translucent door.
  1526 | D:2      | Noticed Crazy Yiuf
  1662 | D:2      | Reached skill level 1 in Armour
  1663 | D:2      | Noticed Natasha
  1672 | D:2      | Killed Natasha
  1673 | D:2      | Reached XP level 5. HP: 27/39 MP: 0/0
  1673 | D:2      | Learned a level 2 spell: Poisonous Vapours
  1775 | D:2      | Noticed Natasha
  1784 | D:2      | Killed Natasha
  2255 | D:2      | Slain by Crazy Yiuf

Illustrated notes

Levels and vault maps discovered:
D:1:      shiori_arrival_maze, layout_basic,
          shapermc_ecumenical_altar_totnotflames
D:2:      minmay_roachtagon, layout_loops_ring, minmay_misc_feat_nine_boxes,
          minmay_tromino_v4_a, uniq_crazy_yiuf_cottage, uniq_natasha

Skill      XL: |  1  2  3  4  5 |
---------------+----------------+-----
Long Blades    | 3 4 |  4.0
Dodging        | 4 |  4.1
Armour         | 1 |  1.4
Fighting       | |  2.7
Throwing       | |  1.5
Stealth        | |  0.5

Action                     |  1- 3 |  4- 6 || total
---------------------------+-------+-------++-------
  Melee: Long sword        |   119 |    43 ||   162
         Punch             |       |     1 ||     1
   Stab: Sleeping          |     2 |       ||     2
 Armour: Leather armour    |    65 |    12 ||    77
  Dodge: Dodged            |   110 |    32 ||   142

Table legend: (Time is in decaauts)
 A = Elapsed time spent in this place.
 B = Non-inter-level travel time spent in this place.
 C = Inter-level travel time spent in this place.
 D = Time resting spent in this place.
 E = Time spent auto-exploring this place.
 F = Levels seen in this place.
 G = Mean time per level.
                   A        B        C        D        E       F      G
               +--------+--------+--------+--------+--------+-----+--------+
         Total |   2303 |   2269 |     34 |    100 |   1721 |   2 | 1151.5 |
       Dungeon |   2303 |   2269 |     34 |    100 |   1721 |   2 | 1151.5 |
               +--------+--------+--------+--------+--------+-----+--------+

Top non-repeatable levels by time:
     D:2: 1235 daAuts
     D:1: 1067 daAuts
